Map: [ESL] Site Delta

Players

herO

  • Race: Protoss Protoss
  • Spawn Location: 11:00

Maru - Winner!

  • Race: Terran Terran
  • Spawn Location: 5:00

VOD

Have the link to the VOD?

Description

Time

  • Played on: April 11, 2024, 6:40 a.m.
  • Length: 11:04
Show
View Real Time Build Order
Export as new Build Order

herO Protoss 

Build Orders: 1 Gate Expand, Blink Stalkers 

Get SALT Encoding   

  12  0:00  Probe  
  13  0:12  Probe  
  14  0:18  Pylon  
  14  0:24  Probe (Chrono Boost)  
  15  0:36  Probe (Chrono Boost)  
  15  0:38  Gateway  
  16  0:45  Probe (Chrono Boost)  
  16  0:48  Assimilator  
  17  0:50  Probe  
  18  1:02  Probe  
  19  1:15  Probe  
  20  1:25  Zealot  
  22  1:26  Cybernetics Core  
  22  1:39  Nexus  
  22  1:46  Pylon  
  22  1:48  Probe  
  22  1:54  Assimilator  
  22  2:01  Adept (Chrono Boost)  
  22  2:03  Warp Gate  
  22  2:06  Probe  
  25  2:18  Probe  
  26  2:24  Adept  
  28  2:30  Probe  
  28  2:32  Twilight Council  
  29  2:42  Probe  
  30  2:50  Gateway  
  30  2:52  Probe  
  30  2:54  Probe  
  32  3:01  Blink (Chrono Boost)  
  32  3:05  Probe  
  33  3:06  Probe  
  33  3:10  Stalker  
  34  3:17  Probe  
  34  3:18  Probe  
  36  3:24  Gateway  
  36  3:30  Probe x2  
  38  3:36  Robotics Facility  
  38  3:42  Probe x2  
  40  3:52  Stalker  
  40  3:53  Pylon  
  40  3:54  Probe  
  40  3:55  Probe  
  44  4:00  Stalker  
  46  4:11  Probe x2  
  48  4:20  Gateway  
  48  4:25  Stalker  
  48  4:26  Stalker x2  
  54  4:31  Assimilator  
  54  4:34  Pylon  
  54  4:39  Pylon  
  54  4:42  Observer (Chrono Boost)  
  54  4:44  Probe  
  54  4:46  Probe  
  49  4:58  Probe  
  49  4:59  Probe, Warp Prism  
  53  5:00  Stalker x2  
  53  5:02  Stalker  
  59  5:10  Probe  
  59  5:11  Probe  
  59  5:14  Pylon  
  49  5:29  Robotics Bay  
  49  5:30  Forge  
  49  5:31  Probe x2  
  49  5:32  Assimilator  
  51  5:38  Stalker x3  
  57  5:42  Shield Battery  
  57  5:45  Zealot  
  59  5:50  Immortal (Chrono Boost)  
  63  5:57  Charge  
  63  6:08  Gateway  
  63  6:09  Protoss Ground Weapons Level 1, Gateway  
  63  6:26  Colossus (Chrono Boost)  
  63  6:27  Nexus  
  69  6:42  Sentry, Shield Battery  
  69  6:43  Zealot x2  
  69  6:46  Pylon  
  75  6:50  Extended Thermal Lance  
  75  7:06  Colossus (Chrono Boost)  
  75  7:13  Zealot x2  
  75  7:15  Pylon  
  85  7:18  Gateway  
  85  7:19  Gateway  
  85  7:22  Pylon  
  85  7:39  Zealot  
  85  7:40  Zealot x4  
  95  7:46  Colossus (Chrono Boost)  
  77  8:07  Stalker x3  
  77  8:08  Zealot x2  
  77  8:10  Probe  
  77  8:11  Probe x2  
  90  8:15  Zealot x2  
  80  8:39  Protoss Ground Armor Level 1  
  80  8:40  Stalker  
  80  8:41  Stalker x3  
  84  8:44  Zealot x3  
  84  8:55  Observer  
  84  8:58  Zealot x4  
  84  9:02  Sentry  
  95  9:05  Zealot  
  95  9:07  Zealot  
  96  9:23  Sentry x2, Zealot x3  
  106  9:25  Zealot  
  106  9:43  Pylon  
  106  9:44  Stalker  
  104  9:55  Zealot x6  
  66  10:10  Stalker  
  58  10:15  Stalker x4  
  58  10:16  Stalker  
  68  10:22  Sentry  
  68  10:26  Disruptor (Chrono Boost)  
  68  10:35  Zealot  
  70  10:38  Zealot x2  
  70  10:39  Zealot x3  
Show
View Real Time Build Order
Export as new Build Order

Maru Terran - Winner!

Build Orders: Cyclone Opening 

Get SALT Encoding   

  12  0:00  SCV  
  13  0:12  SCV  
  14  0:17  Supply Depot  
  14  0:24  SCV  
  15  0:38  SCV  
  15  0:42  Barracks  
  16  0:45  Refinery  
  16  0:50  SCV  
  17  1:03  SCV  
  18  1:15  SCV  
  19  1:28  Orbital Command, Marine  
  20  1:44  Command Center  
  20  1:55  Factory  
  20  1:56  SCV  
  21  2:06  Barracks Reactor  
  21  2:08  Supply Depot  
  21  2:09  SCV  
  22  2:21  SCV  
  24  2:38  Command Center  
  24  2:41  Cyclone  
  24  2:43  SCV  
  26  2:45  Marine  
  26  2:48  Marine  
  28  2:56  Orbital Command  
  28  2:59  SCV  
  29  3:07  Marine  
  29  3:08  Marine  
  29  3:11  SCV  
  31  3:14  Orbital Command  
  31  3:24  SCV  
  31  3:25  Marine x2  
  34  3:29  Cyclone  
  36  3:36  SCV, Barracks  
  36  3:39  SCV  
  38  3:43  Marine x2  
  40  3:50  SCV  
  40  3:51  Orbital Command  
  40  3:54  SCV  
  42  4:00  Supply Depot  
  42  4:01  Factory Tech Lab  
  43  4:02  SCV  
  43  4:04  Marine x2  
  43  4:06  SCV  
  46  4:13  Barracks  
  46  4:14  SCV  
  46  4:20  Siege Tank, Bunker  
  46  4:21  Supply Depot  
  46  4:23  SCV  
  51  4:24  SCV  
  51  4:27  Barracks Tech Lab, SCV  
  51  4:30  Marine x2  
  54  4:35  Supply Depot  
  54  4:39  SCV x2  
  54  4:40  SCV  
  55  4:47  Marine  
  55  4:48  Marine  
  55  4:50  Marine  
  55  4:51  SCV x2  
  55  4:55  Siege Tank  
  55  4:56  SCV  
  59  5:05  Marine  
  59  5:06  Engineering Bay x2  
  60  5:07  Refinery  
  60  5:10  SCV x3  
  63  5:20  Marine x2  
  61  5:23  SCV x3  
  61  5:26  Refinery  
  64  5:29  Stimpack  
  64  5:33  Refinery, Supply Depot  
  64  5:35  SCV  
  65  5:36  Marine x2  
  65  5:38  Marine x2  
  65  5:40  SCV  
  65  5:42  SCV  
  71  5:46  Barracks  
  71  5:47  SCV, Barracks  
  72  5:51  Supply Depot  
  72  5:52  SCV  
  72  5:54  Terran Infantry Weapons Level 1  
  72  5:55  Marine x2  
  72  5:56  Marine  
  76  5:57  Marine  
  76  5:58  Terran Infantry Armor Level 1  
  77  6:07  Starport  
  77  6:09  SCV  
  78  6:13  Marine x3, Factory Reactor  
  78  6:15  SCV x2  
  80  6:25  Marauder  
  80  6:28  SCV  
  80  6:29  Supply Depot  
  80  6:30  Marine  
  80  6:31  Marine, Marauder  
  85  6:37  Combat Shield  
  85  6:38  Barracks Tech Lab  
  85  6:39  Barracks Reactor  
  82  6:46  Marauder  
  84  6:48  Marine  
  84  6:49  Marine  
  84  6:51  SCV x3  
  84  6:53  Marauder  
  91  6:54  Missile Turret  
  91  6:55  Medivac x2  
  91  6:59  Missile Turret  
  91  7:01  Marauder, Concussive Shells  
  97  7:07  Supply Depot  
  97  7:09  Marine, Marauder  
  97  7:13  Orbital Command  
  97  7:14  Marauder  
  102  7:15  Supply Depot  
  102  7:17  SCV x2  
  102  7:21  Marine, Factory Reactor  
  102  7:22  Marine, Marauder  
  108  7:29  SCV x2  
  107  7:31  Marauder  
  107  7:32  Armory  
  107  7:35  Marauder  
  111  7:39  Medivac  
  111  7:41  SCV x2  
  111  7:43  Orbital Command  
  115  7:45  Marauder  
  114  7:52  Marauder  
  114  7:53  SCV  
  114  7:55  Marine  
  114  7:57  Marauder  
  104  7:59  SCV  
  104  8:03  Marine x2  
  102  8:05  SCV  
  102  8:06  Marauder  
  102  8:11  SCV, Viking  
  107  8:13  Marauder  
  107  8:16  SCV  
  107  8:17  SCV  
  107  8:18  Marine, Marauder  
  114  8:22  Viking  
  114  8:23  SCV  
  117  8:28  SCV, Marauder  
  117  8:30  SCV  
  109  8:36  Marine x3  
  109  8:37  Marauder  
  109  8:40  Marauder  
  110  8:46  Medivac  
  110  8:47  Terran Infantry Weapons Level 2  
  112  8:51  Marine  
  112  8:52  Marine, Medivac  
  114  8:58  Marine  
  114  8:59  Marine x2, Marauder  
  114  9:01  Marauder  
  121  9:03  Supply Depot x2  
  121  9:04  Supply Depot  
  121  9:07  SCV  
  121  9:08  SCV x2  
  121  9:09  Refinery  
  120  9:18  Viking  
  120  9:19  SCV  
  120  9:20  SCV  
  120  9:22  Supply Depot  
  124  9:24  Viking  
  124  9:25  Marauder x3  
  124  9:27  Supply Depot  
  131  9:38  Marine x3  
  115  9:39  Widow Mine x2  
  115  9:43  Marine  
  111  9:46  Marauder x3  
  115  9:55  Marine  
  115  9:56  Marine x2  
  115  9:59  SCV  
  101  10:01  Marine  
  91  10:07  Marauder x3  
  91  10:12  Medivac  
  91  10:13  Marine  
  100  10:14  Marine, Medivac  
  100  10:18  SCV  
  100  10:19  SCV x2  
  106  10:23  Marine x2  
  108  10:28  Marine x2  
  108  10:30  Marauder  
  108  10:31  SCV  
  108  10:34  Widow Mine  
  115  10:39  Widow Mine  
Tags
 
Add a new tag
Caveats
  • Supply blocks, unpowered buildings, or Contaminate may cause inaccurate times.
  • Supply counts are checked every 10 seconds.